AoeStats
← eason7827

Arena

510109262Analyzed
4v4 RM · 4d ago on Sep 29, 2026· 50m 56s· 8 players
Game mode
Random Map
Map size
Large (8 player)
Population
200
Speed
Normal
Resources
Standard
Victory
Conquest
Starting age
Dark Age
Ending age
Imperial Age
RankedLock teamsTeams togetherTeam positionsShared explorationLock speedFull tech treeHidden civsTurbo modeCheats
Victory
Defeat
🇨🇳 Goths · China
1018
+16
🇹🇼 Magyars · Taiwan
984
+17
🇹🇼 Byzantines · Taiwan
984
+17
🇹🇼 Poles · Taiwan
974
+18
🇨🇳 Britons · China
1052
-18
🇺🇸 Khmer · United States
1049
-19
🇺🇸 Lithuanians · United States
1003
-17
🇦🇷 Bohemians · Argentina
934
-14
deygas1127
9:56 Feudal Age
8:15 Loom
10:17 Loom
10:27 Double-Bit Axe
12:47 Horse Collar
18:58 Castle Age
20:06 Heavy Plow
19:45 Light Cavalry
20:28 Gold Mining
23:50 Bow Saw
25:29 Stone Mining
27:55 Wheelbarrow
29:34 Hand Cart
31:52 Imperial Age
30:30 Scale Barding Armor
30:36 Forging
30:47 Szlachta Privileges
33:03 Conscription
33:27 Chain Barding Armor
33:43 Iron Casting
33:51 Husbandry
34:02 Bloodlines
33:15 Cavalier
37:33 Blast Furnace
38:21 Crop Rotation
38:29 Winged Hussar
39:36 Pikeman
40:17 Squires
40:21 Scale Mail Armor
46:32 Chemistry
45:53 Ballistics
軒軒仔
10:08 Feudal Age
10:49 Double-Bit Axe
16:13 Castle Age
18:19 Bow Saw
23:34 Loom
27:48 Imperial Age
25:34 Fletching
25:52 Horse Collar
26:29 Gold Mining
27:47 Wheelbarrow
29:40 Chemistry
28:14 Elite Skirmisher
29:50 Husbandry
30:22 Ballistics
35:49 Scale Barding Armor
35:48 Heavy Plow
36:28 Squires
36:54 Pikeman
40:32 Conscription
41:26 Hand Cart
41:28 Scale Mail Armor
41:48 Fortified Wall
41:07 Crossbowman
42:43 Thumb Ring
42:42 Padded Archer Armor
43:23 Bodkin Arrow
44:16 Chain Mail Armor
47:01 Plate Mail Armor
47:07 Gambesons
46:58 Light Cavalry
47:58 Arson
48:48 Forging
48:38 Bracer
51:06 Crop Rotation
eason7827
8:32 Loom
10:54 Feudal Age
15:43 Castle Age
18:33 Horse Collar
24:17 Heavy Plow
26:54 Double-Bit Axe
32:00 Imperial Age
33:24 Scale Barding Armor
35:36 Wheelbarrow
35:10 Stone Mining
36:41 Crop Rotation
36:44 Conscription
36:51 Hand Cart
37:30 Gold Mining
41:03 Gold Shaft Mining
40:37 Corvinian Army
40:45 Elite Magyar Huszar
42:59 Scale Mail Armor
43:27 Onager
44:22 Husbandry
45:12 Chain Barding Armor
49:35 Cavalier
Will Troll If Not Arena
10:18 Feudal Age
11:05 Double-Bit Axe
14:03 Castle Age
12:29 Horse Collar
15:12 Bow Saw
17:27 Wheelbarrow
20:16 Wheelbarrow
23:41 Hand Cart
23:49 Heavy Plow
23:54 Gold Mining
25:46 Loom
28:32 Imperial Age
25:48 Town Watch
26:32 Forging
26:23 Scale Mail Armor
26:36 Forging
26:30 Scale Mail Armor
26:10 Man-at-Arms
26:51 Squires
26:12 Pikeman
28:21 Iron Casting
27:38 Long Swordsman
29:23 Chain Mail Armor
30:25 Blast Furnace
28:52 Two-Handed Swordsman
30:10 Guilds
30:07 Perfusion
30:27 Conscription
30:03 Fletching
29:45 Champion
30:50 Halberdier
32:12 Anarchy
32:49 Stone Mining
34:33 Chemistry
34:33 Elite Huskarl
34:43 Sappers
35:10 Bodkin Arrow
36:44 Stone Shaft Mining
36:10 Bracer
35:59 Treadmill Crane
36:30 Masonry
36:16 Murder Holes
36:41 Ballistics
36:56 Town Patrol
37:28 Crop Rotation
37:59 Two-Man Saw
39:35 Architecture
40:16 Capped Ram
I THS I
10:49 Feudal Age
11:55 Double-Bit Axe
17:03 Castle Age
16:10 Horse Collar
18:06 Heavy Plow
22:28 Wheelbarrow
26:06 Hand Cart
25:39 Loom
26:10 Fletching
26:21 Padded Archer Armor
27:49 Gold Mining
28:33 Bodkin Arrow
30:44 Leather Archer Armor
30:35 Scale Barding Armor
34:46 Imperial Age
34:18 Ballistics
34:23 Chain Barding Armor
34:13 Forging
34:03 Scale Mail Armor
35:30 Bloodlines
35:20 Husbandry
36:10 Double Crossbow
36:08 Heavy Scorpion
36:36 Light Cavalry
37:43 Bracer
38:13 Ring Archer Armor
40:32 Conscription
43:29 Hussar
HowManyMustDie
11:07 Feudal Age
15:15 Castle Age
13:39 Double-Bit Axe
14:25 Horse Collar
19:53 Wheelbarrow
19:47 Fervor
20:48 Loom
21:42 Hand Cart
23:59 Sanctity
26:45 Bow Saw
26:39 Heavy Plow
26:47 Stone Mining
26:47 Gold Mining
28:27 Stone Shaft Mining
33:51 Imperial Age
31:42 Caravan
32:13 Coinage
34:05 Bloodlines
33:56 Husbandry
35:56 Forging
35:54 Scale Barding Armor
35:43 Elite Leitis
36:44 Conscription
36:38 Murder Holes
37:18 Chain Barding Armor
36:58 Light Cavalry
39:41 Plate Barding Armor
38:57 Fletching
39:03 Winged Hussar
41:09 Bodkin Arrow
42:45 Bracer
43:18 Banking
43:00 Guilds
45:25 Hill Forts
49:12 Crossbowman
50:33 Padded Archer Armor
LeandroPaul79
0:51 Loom
10:03 Feudal Age
10:32 Double-Bit Axe
10:28 Horse Collar
18:25 Castle Age
18:17 Wheelbarrow
19:28 Bow Saw
19:20 Heavy Plow
23:40 Hand Cart
26:01 Imperial Age
23:21 Town Watch
27:58 Chemistry
28:07 Padded Archer Armor
29:54 Two-Man Saw
30:35 Leather Archer Armor
32:46 Town Patrol
36:13 Scale Mail Armor
36:04 Fletching
36:25 Forging
36:45 Ring Archer Armor
36:13 Pikeman
36:53 Squires
36:39 Arson
38:07 Chain Mail Armor
42:34 Ballistics
42:25 Masonry
42:11 Murder Holes
42:30 Fortified Wall
43:39 Halberdier
47:16 Architecture
46:51 Siege Engineers
47:27 Iron Casting
49:48 Hussite Reforms
2664077206
10:14 Feudal Age
14:38 Castle Age
13:10 Double-Bit Axe
17:06 Bow Saw
16:40 Horse Collar
28:31 Imperial Age
26:50 Fletching
27:33 Bodkin Arrow
27:39 Padded Archer Armor
28:14 Squires
28:19 Scale Mail Armor
28:06 Crossbowman
29:09 Gold Mining
29:48 Loom
30:39 Wheelbarrow
29:49 Town Watch
29:38 Arbalester
32:46 Ballistics
Connection lost

Rejoining the realm…

Still unreachable

The connection could not be restored.

Session expired

The server has moved on; the page needs a fresh start.